 Dungeon Crawl Stone Soup version 0.24-a0-7-g1bb0902 (webtiles) character file.

Game seed: 3957866748707606199

91 Mgcat the Insei (level 4, 0/29 HPs)
             Began as an Octopode Transmuter on Jan 30, 2019.
             Slain by Natasha (8 damage)
             ... on level 3 of the Dungeon.
             The game lasted 00:04:29 (1824 turns).

Mgcat the Insei (Octopode Transmuter)               Turns: 1824, Time: 00:04:29

Health: 0/29       AC:  1    Str: 10    XL:     4   Next: 59%
Magic:  7/7        EV: 13    Int: 15    God:
Gold:   45         SH:  3    Dex: 12    Spells: 4/7 levels left

rFire    . . .     SeeInvis .     - Unarmed
rCold    . . .     Gourm    .   i - +0 buckler
rNeg     . . .     Faith    .   (helmet restricted)
rPois    .         Spirit   .   (no amulet)
rElec    .         Reflect  .   (no ring)
rCorr    .         Harm     .   (no ring)
MR       .....                  (no ring)
Stlth    +++.......             (no ring)
HPRegen  0.09/turn              (no ring)
MPRegen  0.10/turn              (no ring)
                                (no ring)
                                (no ring)

@: no status effects
A: almost no armour, stealthy swim, amphibious, 8 rings, constrict 8, camouflage
1, gelatinous body 1
a: no special abilities


You were on level 3 of the Dungeon.
You were not hungry.

You visited 1 branch of the dungeon, and saw 3 of its levels.

You collected 45 gold pieces.

Inventory:

Missiles
 a - 12 arrows
Armour
 i - a +0 buckler (worn)
   (You found it on level 2 of the Dungeon)
Scrolls
 e - a scroll of identify {unknown}
 f - a scroll of fog {unknown}
Potions
 d - a potion of curing
 g - a potion of flight {unknown}
 h - a potion of lignification {unknown}
Comestibles
 b - 5 chunks of flesh {@w0}
 c - 5 rations


   Skills:
 + Level 1.9 Fighting
 + Level 2.7 Dodging
 + Level 2.3 Stealth
 + Level 0.3 Shields
 + Level 3.5 Unarmed Combat
 - Level 2.0 Spellcasting
 + Level 2.6 Transmutations


You had 4 spell levels left.
You knew the following spells:

 Your Spells              Type           Power        Failure   Level  Hunger
a - Beastly Appendage     Tmut           #.....       12%         1    #......
b - Sticks to Snakes      Tmut           #.......     17%         2    ###....

Your spell library contained the following spells:

 Spells                   Type           Power        Failure   Level  Hunger
 Spider Form              Tmut/Pois      #.........   52%         3    ###....
 Ice Form                 Ice/Tmut       #.......     89%         4    #####..
 Blade Hands              Tmut           #.........   97%         5    ######.


Dungeon Overview and Level Annotations

Branches:
Dungeon (3/15)

Altars:

Annotations:
D:1 bring dig
D:3 Natasha


Innate Abilities, Weirdness & Mutations

You cannot wear most types of armour.
You are very stealthy in the water. (Stealth+)
You are amphibious.
You can wear up to eight rings at the same time.
You can use your tentacles to constrict eight enemies at once.
Your skin changes colour to match your surroundings (Stealth+).
Your rubbery body absorbs attacks. (AC +1, EV +1)


Message History

No target in view!
No target in view!
Some of the chunks of flesh in your inventory have rotted away.
A worm comes into view.
Spoiler Alert: The worm (sleeping) can hit for moderate damage in melee!
Lua error: [string "/dgldir/rcfiles/crawl-git/Mgcat.rc"]:926: invalid capture index Lua error: [string "/dgldir/rcfiles/crawl-git/Mgcat.rc"]:926: invalid capture index Lua error: [string "/dgldir/rcfiles/crawl-git/Mgcat.rc"]:926: invalid capture index Lua error: [string "/dgldir/rcfiles/crawl-git/Mgcat.rc"]:926: invalid capture index Spoiler Alert: The worm can hit for moderate damage in melee!
The worm bites you!
You take 7 damage, and have 22/29 hp.
MASSIVE DAMAGE!!
You tentacle-slap the worm. You grab the worm. You squeeze the worm.
The worm is moderately wounded.
You constrict the worm. The worm bites you!
You take 12 damage, and have 10/29 hp.
MASSIVE DAMAGE!!
Spoiler Alert: The worm can hit for moderate damage in melee!
You are too injured to fight recklessly!
You are too injured to fight recklessly!
You are too injured to fight recklessly!
You tentacle-slap the worm.
The worm is heavily wounded.
You constrict the worm.
Spoiler Alert: The worm can hit for moderate damage in melee!
You tentacle-slap the worm.
The worm is almost dead.
You constrict the worm.
You kill the worm!
You see here a worm corpse.
You butcher the worm corpse.
b - 5 chunks of flesh {@w0} (gained 3)
There isn't anything here!
You start resting.
You hear the slow rusting of a very distant drain.
You regained 2 hp, and now have 12/29 hp.
Unknown command.
Unknown command.
A frilled lizard and an adder come into view.
Spoiler Alert: The adder (sleeping) is fast and can poison!
You start resting.
The rat is too close now for your liking.
Unknown command.
Unknown command.
You start resting.
The rat is too close now for your liking.
A rat is nearby!
Unknown command.
The rat bites you.
You take 2 damage, and have 13/29 hp.
Natasha, Servant of Life and Death comes into view.
Natasha hisses angrily.
The rat bites you.
You take 2 damage, and have 11/29 hp.
Spoiler Alert: Natasha can cast Slow, Mephitic Cloud, Call Imp, and go Invisible!
Unknown command.
Spoiler Alert: Natasha can cast Slow, Mephitic Cloud, Call Imp, and go Invisible!
You barely miss the rat. You grab the rat. You constrict the rat.
The rat bites you.
You take 1 damage, and have 10/29 hp.
Spoiler Alert: Natasha can cast Slow, Mephitic Cloud, Call Imp, and go Invisible!
Unknown command.
Spoiler Alert: Natasha can cast Slow, Mephitic Cloud, Call Imp, and go Invisible!
Unknown command.
Spoiler Alert: Natasha can cast Slow, Mephitic Cloud, Call Imp, and go Invisible!
You tentacle-slap the rat but do no damage.
The rat is heavily wounded.
You constrict the rat.
You kill the rat!
Spoiler Alert: Natasha can cast Slow, Mephitic Cloud, Call Imp, and go Invisible!
Unknown command.
Spoiler Alert: Natasha can cast Slow, Mephitic Cloud, Call Imp, and go Invisible!
Unknown command.
Spoiler Alert: Natasha can cast Slow, Mephitic Cloud, Call Imp, and go Invisible!
Spoiler Alert: Natasha can cast Slow, Mephitic Cloud, Call Imp, and go Invisible!
Unknown command.
Spoiler Alert: Natasha can cast Slow, Mephitic Cloud, Call Imp, and go Invisible!
You closely miss Natasha. Your grab misses Natasha. Natasha claws you.
You take 1 damage, and have 9/29 hp.
Spoiler Alert: Natasha can cast Slow, Mephitic Cloud, Call Imp, and go Invisible!
You tentacle-slap Natasha but do no damage.
Your grab misses Natasha.
Natasha wildly gestures.
You feel troubled. Natasha misses you.
Spoiler Alert: Natasha can cast Slow, Mephitic Cloud, Call Imp, and go Invisible!
Unknown command.
Spoiler Alert: Natasha can cast Slow, Mephitic Cloud, Call Imp, and go Invisible!
You tentacle-slap Natasha. Your grab misses Natasha. You squeeze Natasha.
Natasha is moderately wounded.
Natasha claws you.
* * * LOW HITPOINT WARNING * * *
You take 1 damage, and have 8/29 hp.
Spoiler Alert: Natasha can cast Slow, Mephitic Cloud, Call Imp, and go Invisible!
Unknown command.
Spoiler Alert: Natasha can cast Slow, Mephitic Cloud, Call Imp, and go Invisible!
You tentacle-slap Natasha but do no damage.
Your grab misses Natasha.
Natasha is moderately wounded.
Natasha claws you!
You die...

#...####
##.....#
#..##.# #..# #
..#####.#
).......#
..#####.#
#######.h####.#
#.......@.....#
#.####†.#######
#...# #..##
#..# #..# #.##
#.# #.#


You could see Natasha.

Vanquished Creatures
  3 adders (D:2)
  An ooze (D:2)
  2 worms
  A dart slug (D:2)
  A leopard gecko (D:2)
  3 orcs
  5 giant cockroaches
  6 goblins
  6 hobgoblins
  7 kobolds
  5 bats
  2 frilled lizards (D:1)
  7 rats
49 creatures vanquished.

Notes
Turn   | Place    | Note
-------+----------+-------------------------------------------
     0 | D:1      | Mgcat the Octopode Transmuter began the quest for the Orb.
     0 | D:1      | Reached XP level 1. HP: 13/13 MP: 3/3
    66 | D:1      | Reached XP level 2. HP: 7/18 MP: 5/5
    67 | D:1      | Reached skill level 1 in Stealth
    72 | D:1      | Learned a level 2 spell: Sticks to Snakes
   844 | D:2      | Reached XP level 3. HP: 19/23 MP: 6/6
  1130 | D:2      | Reached skill level 2 in Stealth
  1130 | D:2      | Reached XP level 4. HP: 10/29 MP: 5/7
  1130 | D:2      | HP: 5/29 [adder (4)]
  1817 | D:3      | Noticed Natasha
  1824 | D:3      | Slain by Natasha

Vault maps used:
D:1:      tarquinn_simple_flora_water_f, due_unseen_surprise
D:2:      first_ration, kennysheep_generic_room_9, uniq_crazy_yiuf_cottage
D:3:      minmay_general_purpose_star, gup_sewer_entry_bowl, minmay_circle_x,
          uniq_natasha

Skill      XL: |  1  2  3 |
---------------+----------+-----
Stealth        | 1 2 |  2.3
Fighting       | |  1.9
Dodging        | |  2.7
Shields        | |  0.3
Unarmed Combat | |  3.5
Spellcasting   | |  2.0
Transmutations | |  2.6

Action                   |  1- 3 |  4- 6 || total
-------------------------+-------+-------++-------
Melee: Unarmed           |    79 |    45 ||   124
       Constrict         |    22 |    11 ||    33
       Tentacles         |     8 |     9 ||    17
 Cast: Beastly Appendage |     1 |       ||     1
  Use: Potion            |       |     1 ||     1
 Stab: Sleeping          |     5 |     3 ||     8
       Distracted        |       |     1 ||     1
  Eat: Chunk             |     1 |     2 ||     3
Armor: Skin              |     4 |     3 ||     7
Dodge: Dodged            |    51 |    23 ||    74
Block: Buckler           |       |     2 ||     2

Table legend:
 A = Non-vault XP
 B = Vault XP
 C = Vault XP percentage of total XP
 D = Non-vault monster count
 E = Vault monster count
 F = Vault count percentage of total count
                 A         B        C        D         E       F
            +---------+---------+-------+---------+---------+-------
      Total |     129 |       2 |   1.5 |      47 |       1 |   2.1
            +---------+---------+-------+---------+---------+-------
        D:1 |      32 |       0 |   0.0 |      19 |       0 |   0.0
        D:2 |      82 |       2 |   2.4 |      22 |       1 |   4.3
        D:3 |      15 |       0 |   0.0 |       6 |       0 |   0.0
            +---------+---------+-------+---------+---------+-------

Vault maps used:
D:1:      tarquinn_simple_flora_water_f, due_unseen_surprise
D:2:      first_ration, kennysheep_generic_room_9, uniq_crazy_yiuf_cottage
D:3:      minmay_general_purpose_star, gup_sewer_entry_bowl, minmay_circle_x,
          uniq_natasha

Table legend:
 A = Turns spent in this place as a percentage of turns spent in the entire game.
 B = Non-inter-level travel turns spent in this place as a percentage of non-inter-level travel turns spent in the entire game.
 C = Inter-level travel turns spent in this place as a percentage of turns spent in this place.
 D = Turns resting spent in this place as a percentage of non-inter-level travel turns spent in this place.
 E = Turns spent auto-exploring this place as a percentage of non-inter-level travel turns spent in this place.
 F = Non-inter-level travel turns spent in this place divided by the number of levels of this place that you've seen.
                   A       B       C       D       E      F
               +-------+-------+-------+-------+-------+----------------------
         Total | 100.0 | 100.0 |   7.2 |  10.8 |  68.9 | 564.3
       Dungeon | 100.0 | 100.0 |   7.2 |  10.8 |  68.9 | 564.3
               +-------+-------+-------+-------+-------+----------------------

Table legend:
 A = Kills in this place as a percentage of kills in entire the game.
 B = Kills by you in this place as a percentage of kills by you in the entire game.
 C = Kills by friends in this place as a percentage of kills by friends in the entire game.
 D = Other kills in this place as a percentage of other kills in the entire game.
 E = Experience gained in this place as a percentage of experience gained in the entire game.
 F = Experience gained in this place divided by the number of levels of this place that you have seen.
                   A       B       C       D       E      F
               +-------+-------+-------+-------+-------+----------------------
         Total | 100.0 | 100.0 |   N/A |   N/A | 100.0 |  43.7
       Dungeon | 100.0 | 100.0 |   N/A |   N/A | 100.0 |  43.7
               +-------+-------+-------+-------+-------+----------------------
